 Dungeon Crawl Stone Soup version 0.30.1-4-g462c640d31 (webtiles) character file.

Game seed: 4162503550654836729

215 growler the Poker (level 5, -1/45 HPs)
             Began as a Hill Orc Monk on Sept 12, 2023.
             Slain by a centaur (3 damage)
             ... on level 5 of the Dungeon.
             The game lasted 00:05:57 (3644 turns).

growler the Poker (Hill Orc Monk)                   Turns: 3644, Time: 00:05:57

Health: -1/45      AC:  6    Str: 16    XL:     5   Next: 92%
Magic:  14/14      EV: 17    Int: 10    God:
Gold:   195        SH:  0    Dex: 13    Spells: 4/4 levels left

rFire   . . .        a - +0 spear
rCold   + . .        d - orb {light}
rNeg    . . .        p - +2 leather armour {rC+}
rPois   .            (no helmet)
rElec   .            (no cloak)
rCorr   .            (no gloves)
SInv    .            r - +0 pair of boots
Will    .....        (no amulet)
Stlth   +            j - +5 ring of evasion
HPRegen 0.27/turn    o - ring of magical power
MPRegen 0.14/turn

%: no passive effects
@: glowing
A: no striking features
a: no special abilities


You were on level 5 of the Dungeon.
You visited 1 branch of the dungeon, and saw 5 of its levels.

You collected 195 gold pieces.

Inventory:

Hand Weapons
 a - a +0 spear (weapon)
Armour
 b - a +0 robe
 d - an orb of light (worn)
 p - a +2 leather armour of cold resistance (worn)
 r - a +0 pair of boots (worn)
Jewellery
 j - a +5 ring of evasion (left hand)
 o - a ring of magical power (right hand)
 s - a ring of poison resistance
Scrolls
 e - 3 scrolls of enchant weapon {unknown}
 f - a scroll of summoning {unknown}
 g - 5 scrolls of teleportation {unknown}
 h - 2 scrolls of blinking {unknown}
 k - 4 scrolls of vulnerability {unknown}
 m - 6 scrolls of identify {unknown}
 t - a scroll of brand weapon {unknown}
 u - a scroll of fog {unknown}
 v - 2 scrolls of amnesia {unknown}
 y - a scroll of fear {unknown}
Potions
 c - 2 potions of ambrosia
 i - 2 potions of berserk rage {unknown}
 l - 3 potions of haste {unknown}
 n - 3 potions of degeneration {unknown}
 q - 2 potions of curing {unknown}
 w - 2 potions of attraction {unknown}
 x - a potion of heal wounds {unknown}
 z - a potion of lignification {unknown}


   Skills:
 - Level 3.6 Fighting
 + Level 7.0 Polearms
 - Level 2.4 Dodging


You had 4 spell levels left.
You didn't know any spells.
Your spell library contained the following spells:

 Spells                   Type           Power      Damage    Failure   Level
 Freeze                   Ice            0%         1d3       43%         1
 Kiss of Death            Conj/Necr      0%         2d5       43%         1
 Confusing Touch          Hex            0%         N/A       80%         3
 Frozen Ramparts          Ice            0%         1d1       80%         3
 Hailstorm                Conj/Ice       0%         3d3       80%         3
 Vhi's Electric Charge    Tloc/Air       0%         N/A       80%         3
 Dispel Undead            Necr           0%         3d6       99%         4
 Arcjolt                  Conj/Air       0%         1d10      100%        5
 Plasma Beam              Fire/Air       0%         2x1d11    100%        6


Dungeon Overview and Level Annotations

Branches:
Dungeon (5/15)
 Temple: D:4-7

Altars:
Cheibriados

Shops:
D:1 ?:   D:3 [   D:4 *

Annotations:
D:4 1 transporter, safid's ghost, novice MfIE


Message History

The centaur is moderately wounded.
The centaur misses you. The centaur barely misses you.
You hit the centaur but do no damage.
The centaur is moderately wounded.
The centaur hits you.
* * * LOW HITPOINT WARNING * * *
The centaur kicks you but does no damage.
The centaur misses you.
The centaur kicks you but does no damage.
You hit the centaur.
The centaur is moderately wounded.
The centaur closely misses you. The centaur barely misses you.
You hit the centaur.
The centaur is heavily wounded.
The centaur misses you.
The centaur kicks you but does no damage.
You completely miss the centaur.
The centaur is heavily wounded.
The centaur barely misses you. The centaur completely misses you.
You hit the centaur but do no damage.
The centaur is heavily wounded.
The centaur hits you.
* * * LOW HITPOINT WARNING * * *
The centaur kicks you but does no damage.
You hit the centaur.
The centaur is severely wounded.
The centaur hits you.
* * * LOW HITPOINT WARNING * * *
The centaur barely misses you. The centaur misses you. The centaur kicks you.
* * * LOW HITPOINT WARNING * * *
You hit the centaur but do no damage.
The centaur is severely wounded.
The centaur hits you but does no damage.
The centaur misses you.
Unknown command.
Okay, then.
You hit the centaur.
The centaur is severely wounded.
The centaur closely misses you. The centaur kicks you.
You die...

................
.)................
.##.. #.......>#..#
...####......###..#
###..#......#..# #..#
.. #........##.#..#
##..
...#........##.#..#
#..
..#...c.....##.#...
#..
#......@....##.###+#
#.. #..#...........#
##. #...........#..#
#. ##.#........#..##
###. #.
#........#...#####...
#
#........##..........
#............#....###
#########....#...## #
#....#...#


You could see a centaur.

Vanquished Creatures
  A hound (D:5)
  10 adders
  A white imp (D:5)
  A worm (D:2)
  2 dart slugs (D:2)
  11 orcs
  4 bats
  4 endoplasms
  6 goblins (D:1)
  6 hobgoblins (D:1)
  3 jackals (D:3)
  2 quokkas (D:1)
  8 ball pythons
  2 frilled lizards
  6 kobolds
  7 rats
74 creatures vanquished.

Notes
Turn   | Place    | Note
-------+----------+-------------------------------------------
     0 | D:1      | growler the Hill Orc Monk began the quest for the Orb.
     0 | D:1      | Reached XP level 1. HP: 19/19 MP: 1/1
   135 | D:1      | Reached XP level 2. HP: 22/26 MP: 2/2
   156 | D:1      | Found Poatusk's Book Emporium.
   160 | D:1      | Reached skill level 4 in Polearms
   291 | D:1      | Found Juixa's Magic Scroll Shoppe.
   407 | D:1      | Reached XP level 3. HP: 31/31 MP: 3/3
   756 | D:2      | Reached skill level 5 in Polearms
   904 | D:2      | Found a faded altar of an unknown god.
   965 | D:2      | Reached XP level 4. HP: 39/39 MP: 4/4
  1416 | D:3      | Found Baneteat's Armour Emporium.
  2309 | D:4      | Reached skill level 6 in Polearms
  2371 | D:4      | Reached XP level 5. HP: 44/45 MP: 5/5
  2527 | D:4      | Found Yveavog's Assorted Antiques.
  2827 | D:4      | Found a snail-covered altar of Cheibriados.
  3062 | D:4      | Noticed an ogre
  3063 | D:4      | Noticed safid's ghost (novice MfIE)
  3064 | D:4      | Identified the +9 dire flail of the Viny God {venom, rC+}
  3064 | D:4      | Noticed an ogre
  3065 | D:4      | Noticed an ogre
  3067 | D:4      | Found a transporter.
  3455 | D:5      | Entered Level 5 of the Dungeon
  3538 | D:5      | Reached skill level 7 in Polearms
  3628 | D:5      | Noticed a centaur
  3642 | D:5      | HP: 2/45 [centaur (2)]
  3644 | D:5      | Slain by a centaur

Illustrated notes

Levels and vault maps discovered:
D:1:      lemuel_arrival_lava_pool, layout_basic, serial_shops, shop, shop,
          minmay_close_crescents
D:2:      layout_rooms, hellmonk_ecumenical_altar_blasted
D:3:      layout_basic, serial_curves, eino_curves_02, eino_curves_01,
          serial_shops, nicolae_shop_behind_doors
D:4:      layout_layer_cave, mainiacjoe_overflow_cross_hatched,
          gammafunk_ghost_smash, serial_shops, shop, minmay_crossroads
D:5:      layout_rooms, minmay_ogre_servants

Skill      XL: |  1  2  3  4  5 |
---------------+----------------+-----
Polearms       | 4 5 6 7 |  7.0
Fighting       | |  3.6
Dodging        | |  2.4

Action                     |  1- 3 |  4- 6 || total
---------------------------+-------+-------++-------
  Melee: Spear             |    98 |   212 ||   310
 Armour: Robe              |     2 |       ||     2
         Leather armour    |       |    28 ||    28
  Dodge: Dodged            |    36 |   153 ||   189
